 Dungeon Crawl Stone Soup version 0.28.0-53-g5a82cb258f (webtiles) character file.

Game seed: 9404398028028337897

281 Infinimo the Cudgeller (level 6, -1/39 HPs)
             Began as a Gargoyle Berserker on June 14, 2022.
             Was a Believer of Trog.
             Slain by a water moccasin skeleton (4 damage)
             ... on level 4 of the Dungeon.
             The game lasted 00:04:26 (4494 turns).

Infinimo the Cudgeller (Gargoyle Berserker)         Turns: 4494, Time: 00:04:26

Health: -1/39      AC:  6    Str: 22    XL:     6   Next: 27%
Magic:  6/6        EV: 11    Int:  8    God:    Trog [**....]
Gold:   219        SH:  0    Dex:  9    Spells: 5/5 levels left

rFire   . . .      SeeInvis .   l - +0 flail
rCold   . . .      Faith    .   (no shield)
rNeg    + . .      Spirit   .   b - +0 animal skin
rPois   ∞          Reflect  .   (no helmet)
rElec   +          Harm     .   (no cloak)
rCorr   .          Rampage  .   (no gloves)
Will    .....                   (no boots)
Stlth   +.........              (no amulet)
HPRegen 0.13/turn               (no ring)
MPRegen 0.10/turn               (no ring)

@: about to teleport, on berserk cooldown, slowed, very slow
A: sickness immunity, AC +4, negative energy resistance 1, electricity
resistance, torment resistance 1, petrification resistance
a: Renounce Religion, Berserk, Trog's Hand


You were on level 4 of the Dungeon.
You worshipped Trog.
Trog was pleased with you.
You visited 1 branch of the dungeon, and saw 4 of its levels.

You collected 219 gold pieces.

Inventory:

Hand Weapons
 l - a +0 flail (weapon)
Missiles
 f - a throwing net (quivered)
Armour
 b - a +0 animal skin (worn)
Scrolls
 a - a scroll of amnesia {unknown}
Potions
 e - a potion of berserk rage
 g - a potion of lignification {unknown}
 h - a potion of cancellation {unknown}
 k - a potion of might {unknown}


   Skills:
 + Level 4.7 Fighting
 * Level 5.2 Maces & Flails
 + Level 3.9 Armour
 - Level 1.5 Dodging


You had 5 spell levels left.
You didn't know any spells.
Your spell library was empty.

Dungeon Overview and Level Annotations

Branches:
Dungeon (4/15)
 Temple: D:4-7

Altars:
Ashenzari
Cheibriados


Innate Abilities, Weirdness & Mutations

You are immune to sickness and miasma.
Your stone body is resilient. (AC +4)
You are immune to poison.
You resist negative energy. (rN+)
You are resistant to electric shocks. (rElec)
You are resistant to unholy torment.
You are immune to petrification.


Message History

The gnoll is severely wounded.
The gnoll closely misses you. The gnoll hits you with a +0 spear.
You barely miss the gnoll.
The gnoll is severely wounded.
The gnoll hits you with a +0 spear. x2
You closely miss the gnoll.
The gnoll is severely wounded.
The gnoll hits you with a +0 spear. x2
You closely miss the gnoll.
The gnoll is heavily wounded.
You closely miss the gnoll.
The gnoll is heavily wounded.
The gnoll barely misses you. The gnoll hits you with a +0 spear.
You are too injured to fight recklessly!
You are too injured to fight recklessly!
You closely miss the gnoll.
The gnoll is heavily wounded.
You are no longer berserk.
You are exhausted.
You feel yourself slow down. The gnoll hits you with a +0 spear.
The gnoll barely misses you. The gnoll closely misses you. x2
The gnoll hits you from afar with a +0 spear.
The gnoll barely misses you.
As you read the scroll of teleportation, it crumbles to dust.
You feel strangely unstable.
The gnoll hits you from afar with a +0 spear!
* * * LOW HITPOINT WARNING * * *
The gnoll hits you from afar with a +0 spear.
* * * LOW HITPOINT WARNING * * *
Your surroundings suddenly seem different.
A goblin, a quokka, a water moccasin skeleton and 2 jellies come into view.
Found 15 bolts.
An iguana comes into view.
As you read the scroll of teleportation, it crumbles to dust.
You feel strangely unstable.
The goblin shouts!
The endoplasm quivers.
The jelly quivers.
The water moccasin skeleton bites you.
You die...

#######
########.......
.......@.#
.J.....Z.......
...(...........
...............
...J...........
.l.......r.....
.........g.....
#..#####.......


You could see an iguana (wandering), a jelly, an endoplasm, a quokka, a goblin
and a water moccasin skeleton.

Vanquished Creatures
  A scorpion (D:4)
  A bullfrog skeleton (D:4)
  Robin (D:3)
  6 gnolls
  4 adders
  An adder skeleton (D:4)
  A worm (D:2)
  2 dart slugs
  3 orcs (D:2)
  6 bats
  2 endoplasms (D:1)
  A giant cockroach (D:2)
  13 goblins
  10 hobgoblins
  3 jackals (D:1)
  4 kobolds
  3 quokkas
  9 ball pythons
  5 frilled lizards
  3 rats
79 creatures vanquished.

Notes
Turn   | Place    | Note
-------+----------+-------------------------------------------
     0 | D:1      | Infinimo the Gargoyle Berserker began the quest for the
                  | Orb.
     0 | D:1      | Reached XP level 1. HP: 14/14 MP: 1/1
   150 | D:1      | Reached XP level 2. HP: 19/19 MP: 2/2
   483 | D:1      | Found a faded altar of an unknown god.
   827 | D:1      | Reached XP level 3. HP: 22/23 MP: 3/3
  1351 | D:2      | Reached ** piety under Trog
  2166 | D:2      | Reached skill level 4 in Maces & Flails
  2166 | D:2      | Reached XP level 4. HP: 17/29 MP: 4/4
  2173 | D:2      | HP: 1/29 [gnoll/+0 club (3)]
  2903 | D:2      | You fall into a shaft and drop 1 floor!
  3266 | D:3      | Found a broken altar of Ashenzari.
  3457 | D:3      | Reached XP level 5. HP: 33/33 MP: 5/5
  3472 | D:3      | Found a snail-covered altar of Cheibriados.
  3519 | D:3      | Noticed Robin
  3540 | D:3      | Killed Robin
  4284 | D:4      | Reached skill level 5 in Maces & Flails
  4284 | D:4      | Reached XP level 6. HP: 39/39 MP: 6/6
  4475 | D:4      | Noticed a necrophage
  4494 | D:4      | Slain by a water moccasin skeleton

Illustrated notes

Levels and vault maps discovered:
D:1:      dpeg_arrival_rhombi, layout_basic, ebering_ecumenical_altar_ruins
D:2:      layout_basic
D:3:      layout_loops_cross, amcnicky_altar_gilded,
          mainiacjoe_overflow_cross_hatched, hangedman_glass_teeth, uniq_robin
D:4:      layout_rooms

Skill      XL: |  1  2  3  4  5 |
---------------+----------------+-----
Maces & Flails | 4 5 |  5.2
Armour         | 3 |  3.9
Fighting       | 4 |  4.7
Dodging        | |  1.5

Action                   |  1- 3 |  4- 6 || total
-------------------------+-------+-------++-------
Melee: Mace              |    89 |   132 ||   221
       Punch             |     1 |     1 ||     2
       Flail             |       |    36 ||    36
Invok: Berserk           |     2 |     2 ||     4
  Use: Potion            |       |     1 ||     1
       Scroll            |       |     6 ||     6
 Stab: Sleeping          |       |     1 ||     1
Armor: Animal skin       |    30 |    52 ||    82
Dodge: Dodged            |    54 |   104 ||   158
